 Dungeon Crawl Stone Soup version 0.19-a0-45-g2c295ea (webtiles) character file.

28 wvc the Skirmisher (level 2, 5/25 HPs)
             Began as a Mummy Wanderer on May 5, 2016.
             Quit the game on level 1 of the Dungeon.
             The game lasted 00:01:18 (972 turns).

wvc the Skirmisher (Mummy Wanderer)                  Turns: 972, Time: 00:01:18

Health: 5/25       AC:  2    Str: 16    XL:     2   Next: 96%
Magic:  5/5        EV: 11    Int: 10    God:
Gold:   47         SH:  0    Dex: 11    Spells: 0 memorised, 5 levels left

rFire  x . .     SeeInvis .     d - +0 club
rCold  + . .     Gourm    .     c - +0 robe
rNeg   + + +     Faith    .     (no shield)
rPois  ∞         Spirit   .     (no helmet)
rElec  .         Dismiss  .     (no cloak)
rCorr  .         Reflect  .     (no gloves)
SustAt .         Harm     .     (no boots)
MR     .....                    (no amulet)
Stlth  +.........               (no ring)
                                (no ring)

@: not resistant to hostile enchantments, very unstealthy
A: no food or potions, fire vulnerability, cold resistance 1, negative energy
resistance 3, torment resistance, unbreathing
a: no special abilities


You were on level 1 of the Dungeon.
You were not hungry.

You visited 1 branch of the dungeon, and saw 2 of its levels.

You collected 47 gold pieces.

Inventory:

Hand Weapons
 d - a +0 club (weapon)
Armour
 c - a +0 robe (worn)
Scrolls
 b - a scroll of teleportation
 e - a scroll of remove curse {unknown}
 f - 2 scrolls of identify {unknown}
Books
 a - a book of Minor Magic

   Spells                             Type                      Level
   a - Magic Dart                     Conjuration                  1
   b - Blink                          Translocation                2
   c - Call Imp                       Summoning                    2
   d - Repel Missiles                 Charms/Air                   2
   e - Slow                           Hexes                        2
   f - Conjure Flame                  Conjuration/Fire             3
   g - Mephitic Cloud                 Conjuration/Poison/Air       3


   Skills:
 + Level 3.8 Fighting
 * Level 0.4 Maces & Flails
 + Level 0.7 Dodging
 - Level 1.0 Stealth
   Level 1.0 Shields
 - Level 2.0 Spellcasting
   Level 1.7 Hexes
   Level 1.0 Poison Magic


You had 5 spell levels left.
You didn't know any spells.

Dungeon Overview and Level Annotations

Branches:
Dungeon (2/15)

Altars:


Innate Abilities, Weirdness & Mutations

You do not eat or drink.
Your flesh is vulnerable to fire.
You are immune to poison.
Your flesh is cold resistant.
You are immune to negative energy.
You are immune to unholy pain and torment.
You can survive without breathing.


Message History

You climb upwards.
There is a stone staircase leading down here.
You hit the adder but do no damage. The giant cockroach closely misses you.
The adder closely misses you. The giant cockroach barely misses you.
You miss the adder. The adder barely misses you. The giant cockroach bites you.
The adder bites you.
You completely miss the adder. The giant cockroach bites you.
* * * LOW HITPOINT WARNING * * *
The adder misses you. The giant cockroach closely misses you.
The adder bites you but does no damage.
You are too injured to fight recklessly!
You are too injured to fight recklessly!
You are too injured to fight recklessly!
The adder bites you.
* * * LOW HITPOINT WARNING * * *
The giant cockroach bites you but does no damage.
You are too injured to fight recklessly!
You are too injured to fight recklessly!
You are too injured to fight recklessly!
Are you sure you want to abandon this character and quit the game? (Confirm with "yes".)

#.# #.##....###P♣.#....#P.♣ ##.
#.# #.#####..# #.P##''##..# #..
#.# #........# #'##P...##'# #.#
#.#####.....#..# #..........# #.#
#.......#.#.##.# #P♣..<...PP# #.#
#######......>.####PPP♣P♣♣P####..
#######.#.#.##..##############..#
............###sS####♣PP♣####..##
#####....#### ##@..##P..P##......
#....# ##...##''##...#.## #.#.##
#.##.(....##...# #.#.#
#.##..########.## #.#.# #.##.##
#... #.#.#########.##.### ####
#.#................#
#####.##..#######.####.##########
...........# #...†............


You could see an adder and a giant cockroach.

Vanquished Creatures
  An ooze (D:1)
  2 dart slugs (D:1)
  A giant gecko (D:1)
  A ball python (D:1)
  3 goblins (D:1)
  A hobgoblin (D:1)
  5 bats (D:1)
  2 kobolds (D:1)
  4 rats (D:1)
20 creatures vanquished.

Notes
Turn   | Place    | Note
--------------------------------------------------------------
     0 | D:1      | wvc the Mummy Wanderer began the quest for the Orb.
     0 | D:1      | wvc set off with: a book of Minor Magic, a scroll of teleportation, a +0 robe, a +0 club
     0 | D:1      | Reached XP level 1. HP: 18/18 MP: 3/3
   349 | D:1      | Reached XP level 2. HP: 19/24 MP: 5/5
   972 | D:1      | Quit the game

Vault maps used:
D:1:      denvon_arrival_planthouse, serial_glass, glass_columns_a,
          glass_columns_a, glass_columns_a, glass_columns_a, minivault_11,
          solitary_fountain, minmay_misc_feat_tiny
D:2:      grunt_dithmenos_smoke, grunt_decor_cap

Action                   || total
-------------------------++-------
Melee: Club              ||    87
 Stab: Sleeping          ||     2
Armor: Robe              ||    26
Dodge: Dodged            ||    58
